 Dungeon Crawl Stone Soup version 0.31-a0-818-ge7c7cf74f0 (webtiles) character file.

Game seed: 7849461620575467695

4076 greenreed the Fighter (level 10, 0/65 HPs)
             Began as a Gargoyle Shapeshifter on Sept 22, 2023.
             Was a Follower of Nemelex Xobeh.
             Slain by a gnoll sergeant
             ... wielding a +0 halberd
              (6 damage)
             ... in a bailey.
             The game lasted 00:13:49 (6073 turns).

greenreed the Fighter (Gargoyle Shapeshifter)       Turns: 6073, Time: 00:13:50

Health: 0/65       AC: 17    Str: 21    XL:     10   Next: 25%
Magic:  13/13      EV:  7    Int: 12    God:    Nemelex Xobeh [*.....]
Gold:   815        SH:  0    Dex: 12    Spells: 9/9 levels left

rFire   + . .        o - +8 trident "Wuefugil" {elec, rF+ Dex+3 Stlth-}
rCold   . . .        (no shield)
rNeg    + . .        v - +0 plate armour
rPois   ∞            (helmet currently unavailable)
rElec   +            (cloak currently unavailable)
rCorr   .            (gloves currently unavailable)
SInv    +            (boots currently unavailable)
Will    .....        (no amulet) Stlth
                     g - ring of see invisible
HPRegen 0.30/turn    (no ring)
MPRegen 0.13/turn

%: no passive effects
@: beast-form
A: beast (slay +2), sickness immunity, AC +7, negative energy resistance 1,
electricity resistance, torment resistance 1, petrification resistance
a: Begin Untransformation, Renounce Religion, Draw Escape, Draw Destruction,
Draw Summoning


You were in a bailey.
You worshipped Nemelex Xobeh.
Nemelex Xobeh was aware of your devotion.
You were a hulking beast.
You visited 2 branches of the dungeon, and saw 8 of its levels.
You also visited: Bailey.

You collected 815 gold pieces.

Inventory:

Hand Weapons
 o - the +8 trident "Wuefugil" (weapon) {elec, rF+ Dex+3 Stlth-}
   (You found it on level 2 of the Dungeon)

   Dex+3:     It affects your dexterity (+3).
   rF+:       It protects you from fire.
   Stlth-:    It makes you less stealthy.
 p - the +10 dagger of Death {venom, rC++ Str+5 Dex+3}
   (You found it on level 2 of the Dungeon)

   Str+5:     It affects your strength (+5).
   Dex+3:     It affects your dexterity (+3).
   rC++:      It greatly protects you from cold.
 y - a +0 glaive
 G - a +0 vampiric trident
Missiles
 l - 4 atropa-tipped darts
 J - 3 throwing nets
Armour
 i - a +0 ring mail
 k - a +0 pair of gloves
 v - a +0 plate armour (worn)
 w - a +0 helmet
 D - a +1 chain mail of willpower
 F - a scarf of shadows
Jewellery
 g - a ring of see invisible (left hand)
 I - an amulet of guardian spirit
Talismans
 c - a beast talisman (active)
 d - a flux talisman
 B - a maw talisman
 H - a blade talisman
Wands
 E - a wand of mindburst (21)
Scrolls
 h - 3 scrolls of teleportation {unknown}
 j - a scroll of enchant weapon {unknown}
 n - 5 scrolls of identify {unknown}
 s - 2 scrolls of amnesia {unknown}
 t - a scroll of blinking {unknown}
 u - 2 scrolls of enchant armour {unknown}
 C - a scroll of fear {unknown}
Potions
 a - 3 potions of resistance {unknown}
 e - 4 potions of berserk rage {unknown}
 f - 2 potions of curing
 m - 2 potions of haste {unknown}
 q - 2 potions of magic {unknown}
 r - a potion of cancellation
 x - 2 potions of attraction {unknown}
 z - 2 potions of ambrosia {unknown}
 A - a potion of mutation {unknown}


   Skills:
 * Level 8.7 Fighting
 * Level 6.8 Polearms
 + Level 4.9 Dodging
 - Level 3.7 Unarmed Combat
 + Level 4.9 Invocations
 + Level 4.9 Shapeshifting


You had 9 spell levels left.
You didn't know any spells.
Your spell library contained the following spells:

 Spells                   Type           Power      Damage    Failure   Level
 Inner Flame              Hex/Fire       0%         N/A       100%        3
 Stone Arrow              Conj/Erth      0%         3d7       100%        3
 Tukima's Dance           Hex            0%         N/A       100%        3
 Volatile Blastmotes      Fire/Tloc      0%         2d10      100%        3
 Dimensional Bullseye     Hex/Tloc       0%         N/A       100%        4
 Fulminant Prism          Conj/Hex       0%         3d5       100%        4
 Iskenderun's Mystic Bla  Conj/Tloc      0%         2d3       100%        4
 Freezing Cloud           Conj/Ice/Air   0%         6-21      100%        5
 Yara's Violent Unravell  Hex/Tmut       0%         3d3       100%        5
 Enfeeble                 Hex            0%         N/A       100%        7
 Polar Vortex             Ice            0%         N/A       100%        9


Dungeon Overview and Level Annotations

Branches:
Dungeon (7/15)             Temple (1/1) D:5          Bailey (1/1)

Altars:
Ashenzari
Cheibriados
Dithmenos
Elyvilon
Fedhas
Gozag
Hepliaklqana
Kikubaaqudgha
Makhleb
Nemelex Xobeh
Okawaru
Ru
Sif Muna
Trog
Uskayaw
Wu Jian
Xom
Yredelemnul
Zin
The Shining One

Shops:
D:3 (


Innate Abilities, Weirdness & Mutations

You are a hulking beast.
Your limbs bulge with bestial killing power. (Slay +2)
You are immune to sickness and miasma.
Your stone body is resilient. (AC +7)
You are immune to poison.
You resist negative energy. (rN+)
You are resistant to electric shocks. (rElec)
You are resistant to unholy torment.
You are immune to petrification.


Message History

The wolf is severely wounded.
The wolf bites you but does no damage. x2; The wolf completely misses you.
The gnoll sergeant hits you from afar with a +0 halberd.
The wolf barely misses you.
You puncture the wolf!
You kill the wolf!
The wolf barely misses you.
The wolf bites you but does no damage. x2
The gnoll sergeant hits you but does no damage.
The wolf bites you.
* * * LOW HITPOINT WARNING * * *
You hit the wolf but do no damage.
The wolf bites you but does no damage. x2
The gnoll sergeant hits you from afar with a +0 halberd!
* * * LOW HITPOINT WARNING * * *
The wolf bites you but does no damage.
You barely miss the wolf. The wolf bites you.
* * * LOW HITPOINT WARNING * * *
The wolf bites you.
* * * LOW HITPOINT WARNING * * *
The gnoll sergeant barely misses you. The wolf bites you but does no damage.
The gnoll bouda gazes fiercely through you!
You feel your attacks grow feeble. The wolf bites you but does no damage.
You feel better.
The gnoll sergeant is no longer moving quickly.
The wolf bites you but does no damage. x2
The gnoll sergeant hits you from afar with a +0 halberd.
* * * LOW HITPOINT WARNING * * *
The wolf bites you!
* * * LOW HITPOINT WARNING * * *
It was a potion of cancellation.
Your magical effects are unravelling.
You feel magically purged.
You feel less wooden.
Your +0 plate armour unmelds from your body.
You turn into a hulking beast.
Your attacks no longer feel as feeble.
The wolf closely misses you. The wolf bites you but does no damage.
The gnoll sergeant hits you from afar with a +0 halberd.
You die...
Your body disappears without a glow.

♣♣♣♣♣♣♣♣♣♣ ♣♣♣♣♣
♣♣≈≈≈≈≈≈≈≈≈ ≈≈≈≈≈♣
♣≈≈...####### ####...≈≈♣♣
♣≈...##.8...# ..8.# #..≈.♣
♣≈..##.....h#gg...# #..≈.♣♣
♣≈..#.....hhggg...# #..≈..♣
♣≈..#.....#####...# #..≈...
♣≈..#....##...## + #..≈...
♣≈..##)###.....######..≈...
♣≈.....)#......[#...'..)...
♣≈......')..8..['[).'..)...
♣≈...÷÷.#......[#[..'......
♣≈..##)###.....######..≈...
♣≈..#....##...## #..≈..♣


You could see 3 gnoll sergeants, 2 wolves and 2 gnoll boudas.

Vanquished Creatures
  Sigmund (D:6)
  A steam dragon (D:6)
  A water moccasin (D:5)
  An ice beast (D:3)
  2 orc warriors
  5 black bears
  4 wolves (Bailey)
  3 ogres
  2 centaurs
  A phantom (D:6)
  A kobold brigand (D:6)
  2 bullfrogs (D:6)
  6 gnoll sergeants (Bailey)
  A scorpion (D:5)
  9 wights
  3 killer bees (D:7)
  A crimson imp (D:6)
  4 gnoll boudas (Bailey)
  4 orc priests
  2 jellies
  6 hounds
  A sleepcap (D:6)
  2 iguanas (D:6)
  An orc wizard (D:4)
  Robin (D:4)
  12 gnolls (Bailey)
  5 adders
  A shadow imp (D:7)
  2 white imps (D:6)
  An ufetubus (D:6)
  3 worms
  A dart slug (D:4)
  19 orcs
  2 ball pythons
  5 bats
  8 endoplasms
  2 giant cockroaches
  20 goblins
  8 hobgoblins
  6 jackals
  10 kobolds
  2 quokkas
  4 frilled lizards
  8 rats
184 creatures vanquished.

Notes
Turn   | Place    | Note
-------+----------+-------------------------------------------
     0 | D:1      | greenreed the Gargoyle Shapeshifter began the quest for the
                  | Orb.
     0 | D:1      | Reached XP level 1. HP: 12/12 MP: 1/1
    58 | D:1      | Reached XP level 2. HP: 16/16 MP: 2/2
   651 | D:1      | Reached skill level 2 in Fighting
   663 | D:1      | Reached XP level 3. HP: 21/21 MP: 3/3
   868 | D:1      | Found a faded altar of an unknown god.
  1189 | D:2      | Reached XP level 4. HP: 25/27 MP: 4/4
  1256 | D:2      | Identified the +8 trident "Wuefugil" {elec, rF+ Dex+3
                  | Stlth-}
  1358 | D:2      | Identified the +10 dagger of Death {venom, rC++ Str+5
                  | Dex+3}
  1805 | D:3      | Found Wophir's Weapon Emporium.
  1917 | D:3      | Noticed an ice beast
  1926 | D:3      | Killed an ice beast
  1927 | D:3      | Reached skill level 3 in Fighting
  1927 | D:3      | Reached skill level 1 in Polearms
  1927 | D:3      | Reached XP level 5. HP: 22/32 MP: 5/5
  2242 | D:3      | Reached XP level 6. HP: 38/38 MP: 6/6
  2463 | D:4      | Reached skill level 4 in Fighting
  2648 | D:4      | Noticed a black bear
  2657 | D:4      | Killed a black bear
  2675 | D:4      | Reached XP level 7. HP: 34/44 MP: 7/7
  2715 | D:4      | Noticed Robin
  2719 | D:4      | Killed Robin
  2778 | D:4      | Got a sooty book
  3176 | D:5      | Entered Level 5 of the Dungeon
  3187 | D:5      | Reached skill level 5 in Fighting
  3514 | D:5      | Found a staircase to the Ecumenical Temple.
  3528 | Temple   | Entered the Ecumenical Temple
  3534 | Temple   | Became a worshipper of Nemelex Xobeh the Trickster
  3612 | D:5      | Reached skill level 1 in Invocations
  3612 | D:5      | Reached XP level 8. HP: 27/50 MP: 8/8
  3870 | D:5      | Found a sacrificial altar of Ru.
  3870 | D:5      | Found a glowing silver altar of Zin.
  3871 | D:5      | Found a basalt altar of Yredelemnul.
  3989 | D:6      | Reached skill level 6 in Fighting
  4284 | D:6      | Reached skill level 5 in Polearms
  4287 | D:6      | Reached XP level 9. HP: 48/56 MP: 11/11
  4307 | D:6      | Noticed Sigmund
  4323 | D:5      | Reached skill level 7 in Fighting
  4499 | D:6      | Killed Sigmund
  4758 | D:6      | Found a hazy altar of Hepliaklqana.
  5069 | D:7      | Reached * piety under Nemelex Xobeh
  5267 | D:7      | Reached skill level 8 in Fighting
  5419 | D:7      | Found a flagged portal.
  5439 | Bailey   | Entered a bailey
  5569 | Bailey   | Reached XP level 10. HP: 18/64 MP: 13/13
  6073 | Bailey   | Slain by a gnoll sergeant

Illustrated notes

Levels and vault maps discovered:
D:1:      spicycebolla_green_bress_n_ham_2, layout_basic,
          shapermc_ecumenical_altar_hornbeckon, minmay_misc_feat_x,
          grunt_decor_mini_mirrors, corner_web_ring
D:2:      layout_basic, grunt_ministairs_11, minmay_tree_intersection,
          minmay_circled_x
D:3:      layout_rooms, serial_shops, shop_statue
D:4:      layout_basic, uniq_robin
D:5:      layout_cave_pools, gammafunk_temple_overflow_forgotten,
          temple_statues, serial_column_ruins, column_ruins_pillar_10,
          column_ruins_pillar_6, column_ruins_pillar_2, column_ruins_pillar_1,
          column_ruins_pillar_7, column_ruins_pillar_2, column_ruins_pillar_8,
          column_ruins_pillar_3, column_ruins_pillar_4, column_ruins_pillar_2,
          column_ruins_pillar_1, column_ruins_pillar_10, column_ruins_pillar_4,
          column_ruins_pillar_2, column_ruins_pillar_1
D:6:      layout_basic, nzn_hepliaklqana_mist_gate, minmay_fire_ice_demons,
          uniq_sigmund
D:7:      layout_loops_cross, enter_bailey_2
Temple:   nicolae_temple_x_marks_the_god
Bailey:   bailey_polearm_gnolls_kennysheep, bailey

Skill      XL: |  1  2  3  4  5  6  7  8  9 |
---------------+----------------------------+-----
Fighting       | 2 3 4 5 6 8 |  8.7
Dodging        | 2 3 4 |  4.9
Polearms       | 1 2 3 5 6 |  6.8
Shapeshifting  | 3 4 |  4.9
Invocations    | 1 2 4 |  4.9
Unarmed Combat | |  3.7

Action                     |  1- 3 |  4- 6 |  7- 9 | 10-12 || total
---------------------------+-------+-------+-------+-------++-------
  Melee: Unarmed           |    95 |    11 |       |       ||   106
         Punch             |     4 |     1 |     2 |       ||     7
         Trident           |       |    77 |   195 |    82 ||   354
         Dagger            |       |     5 |       |       ||     5
    Use: Potion            |       |       |     2 |     3 ||     5
   Stab: Sleeping          |     1 |       |       |       ||     1
 Armour: Animal skin       |    13 |       |       |       ||    13
         Ring mail         |    30 |    19 |       |       ||    49
         Plate armour      |       |    16 |   190 |    67 ||   273
         Skin              |       |       |    11 |    35 ||    46
  Dodge: Dodged            |    38 |    17 |    76 |    35 ||   166

Table legend: (Time is in decaauts)
 A = Elapsed time spent in this place.
 B = Non-inter-level travel time spent in this place.
 C = Inter-level travel time spent in this place.
 D = Time resting spent in this place.
 E = Time spent auto-exploring this place.
 F = Levels seen in this place.
 G = Mean time per level.
                   A        B        C        D        E       F      G
               +--------+--------+--------+--------+--------+-----+--------+
         Total |   6098 |   5551 |    547 |    618 |   3718 |   9 |  677.6 |
       Dungeon |   5454 |   4917 |    537 |    275 |   3645 |   7 |  779.1 |
        Temple |     12 |      2 |     10 |      0 |      0 |   1 |   12.0 |
        Bailey |    630 |    630 |      0 |    343 |     73 |   1 |  630.0 |
               +--------+--------+--------+--------+--------+-----+--------+

Top non-repeatable levels by time:
     D:1: 948 daAuts
     D:4: 921 daAuts
     D:5: 866 daAuts
     D:2: 861 daAuts
     D:6: 827 daAuts
  Bailey: 630 daAuts
     D:3: 535 daAuts
     D:7: 494 daAuts
  Temple: 12 daAuts
